 Dungeon Crawl Stone Soup version 0.21.1-1-g345015f (webtiles) character file.

1115 robbits the Charmwright (level 8, -12/63 HPs)
             Began as a Gnoll Skald on June 5, 2018.
             Mangled by an orc warrior
             ... wielding a +0 trident
              (19 damage)
             ... on level 6 of the Dungeon.
             The game lasted 00:12:59 (5317 turns).

robbits the Charmwright (Gnoll Skald)               Turns: 5317, Time: 00:13:00

Health: -12/63     AC:  5    Str: 16    XL:     8   Next: 34%
Magic:  6/16       EV: 15    Int: 16    God:
Gold:   245        SH:  0    Dex: 17    Spells: 7/18 levels left

rFire    . . .     SeeInvis .   u - +1 war axe (chop)
rCold    . . .     Gourm    .   (no shield)
rNeg     . . .     Faith    .   b - +1 leather armour
rPois    .         Spirit   .   h - +0 helmet
rElec    .         Reflect  .   (no cloak)
rCorr    .         Harm     .   (no gloves)
MR       .....                  (no boots)
Stlth    ++........             (no amulet)
HPRegen  1.20/turn              w - +3 ring of dexterity
MPRegen  0.15/turn              (no ring)

@: regenerating
A: distributed training, fangs 1, strong nose
a: no special abilities


You were on level 6 of the Dungeon.
You were hungry.

You visited 1 branch of the dungeon, and saw 6 of its levels.

You collected 245 gold pieces.

Inventory:

Hand Weapons
 a - a +0 falchion
 p - a +1 dagger of venom
 u - a +1 war axe of chopping (weapon)
Missiles
 t - a throwing net (quivered)
Armour
 b - a +1 leather armour (worn)
 h - a +0 helmet (worn)
 v - a +0 cloak of magic resistance
 z - a +0 cloak
Jewellery
 r - a +5 ring of intelligence {unknown}
 w - a +3 ring of dexterity (left hand)
Wands
 i - a wand of iceblast (8)
 n - a wand of polymorph (10)
 y - a wand of acid (7)
 C - a wand of enslavement (5)
Scrolls
 g - 2 scrolls of amnesia
 j - a scroll of magic mapping
 k - 2 scrolls of teleportation
 o - 2 scrolls of remove curse
 s - 2 scrolls of enchant weapon
Potions
 e - 4 potions of curing
 f - a potion of mutation {unknown}
 l - 2 potions of heal wounds {unknown}
 m - 2 potions of haste {unknown}
 q - 3 potions of brilliance {unknown}
 x - 2 potions of agility
 A - a potion of berserk rage {unknown}
 D - a potion of lignification {unknown}
 E - a potion of might
 F - a potion of resistance {unknown}
Books
 c - a book of Battle

   Spells                             Type                      Level
   a - Infusion                       Charms                       1
   b - Shroud of Golubria             Charms/Translocation         2
   c - Song of Slaying                Charms                       2
   d - Spectral Weapon                Hexes/Charms                 3
   e - Regeneration                   Charms/Necromancy            3
 B - a book of Cantrips

   Spells                             Type                      Level
   a - Confusing Touch                Hexes                        1
   b - Animate Skeleton               Necromancy                   1
   c - Summon Small Mammal            Summoning                    1
   d - Apportation                    Translocation                1
Comestibles
 d - 4 rations


   Skills:
 + Level 5.6 Fighting
 + Level 3.1 Short Blades
 + Level 5.6 Long Blades
 + Level 3.1 Axes
 + Level 3.1 Maces & Flails
 + Level 3.1 Polearms
 + Level 3.1 Staves
 + Level 3.1 Slings
 + Level 3.1 Bows
 + Level 3.1 Crossbows
 + Level 3.1 Throwing
 + Level 4.1 Armour
 + Level 5.6 Dodging
 + Level 3.1 Stealth
 + Level 3.1 Shields
 + Level 3.1 Unarmed Combat
 + Level 5.9 Spellcasting
 + Level 2.5 Conjurations
 + Level 2.5 Hexes
 + Level 6.0 Charms
 + Level 2.5 Summonings
 + Level 2.5 Necromancy
 + Level 2.5 Translocations
 + Level 2.5 Transmutations
 + Level 2.5 Fire Magic
 + Level 2.5 Ice Magic
 + Level 2.5 Air Magic
 + Level 2.5 Earth Magic
 + Level 2.5 Poison Magic
 + Level 3.4 Invocations
 + Level 3.1 Evocations


You had 7 spell levels left.
You knew the following spells:

 Your Spells              Type           Power        Failure   Level  Hunger
a - Infusion              Chrm           ###.         1%          1    None
b - Song of Slaying       Chrm           ###.....     1%          2    #......
c - Shroud of Golubria    Chrm/Tloc      ###.......   4%          2    #......
d - Regeneration          Chrm/Necr      ###.......   9%          3    ##.....
e - Spectral Weapon       Hex/Chrm       ###.....     9%          3    ##.....


Dungeon Overview and Level Annotations

Branches:
Dungeon (6/15)             Temple (0/1) D:6

Altars:
Makhleb
Trog
Vehumet


Innate Abilities, Weirdness & Mutations

Your experience applies equally to all skills.
You have very sharp teeth.
Your uncanny sense of smell can sniff out nearby items.


Message History

The orc wizard misses you.
You're too confused to cast spells.
There isn't anything here!
You slash the orc wizard!
You kill the orc wizard!
You feel better.
The orc warrior hits you with a scimitar!
* * * LOW HITPOINT WARNING * * *
Casting: Shroud of Golubria
Confirm with . or Enter, or press ? or * to list all spells.
Space distorts slightly along a thin shroud covering your body.
The orc warrior completely misses you.
Casting: Shroud of Golubria
Confirm with . or Enter, or press ? or * to list all spells.
Your skin crawls.
The orc warrior misses you.
The orc warrior hits you with a scimitar!
* * * LOW HITPOINT WARNING * * *
You closely miss the orc warrior.
The orc warrior hits you from afar with a trident!!
You die...

######## #......#
#...##.#
#############.#..#
#...#......@oo##.#.###.
#.#
#.#.#.########>.........
#.# #.#.#.#
#...o.#.#.###.# #.#
#.#.#.# #.###.#.#.# #.#
#.#.#.# ....# . #.#
#.#...# ##.o.. .. #.#
#.#...# ..8.8 ..
##.###.#...# ...⌠.⌠ ..#
#..........# ..8.>.8


You could see 2 orc warriors.

Vanquished Creatures
  The ghost of Rathner the Charmwright, an amateur GnSk (D:4)
  A necrophage (D:5)
  A phantom (D:4)
  An ogre (D:5)
  4 orc priests
  Crazy Yiuf (D:3)
  2 hounds
  5 orc wizards
  An iguana (D:5)
  Natasha (D:1)
  2 worker ants
  5 adders
  5 oozes
  An adder skeleton (D:4)
  4 worms
  4 dart slugs
  3 leopard geckos
  24 orcs
  6 giant cockroaches
  4 goblins
  8 hobgoblins
  5 jackals
  A quokka (D:4)
  10 bats
  6 frilled lizards
  A jackal skeleton (D:5)
  7 kobolds
  A quokka zombie (D:5)
  7 rats
122 creatures vanquished.

Vanquished Creatures (others)
  A jackal (D:2)
1 creature vanquished.

Grand Total: 123 creatures vanquished

Notes
Turn   | Place    | Note
-------+----------+-------------------------------------------
     0 | D:1      | robbits the Gnoll Skald began the quest for the Orb.
     0 | D:1      | Reached XP level 1. HP: 20/20 MP: 6/6
    60 | D:1      | Reached XP level 2. HP: 23/26 MP: 0/7
   236 | D:1      | Reached XP level 3. HP: 27/31 MP: 9/9
   309 | D:1      | Reached skill level 5 in Spellcasting
   315 | D:1      | Learned a level 2 spell: Song of Slaying
   318 | D:1      | Learned a level 2 spell: Shroud of Golubria
   322 | D:1      | Learned a level 3 spell: Regeneration
   326 | D:1      | Learned a level 3 spell: Spectral Weapon
   522 | D:2      | Reached skill level 1 in Invocations
   545 | D:2      | Reached skill level 1 in Short Blades
   545 | D:2      | Reached skill level 1 in Axes
   545 | D:2      | Reached skill level 1 in Maces & Flails
   545 | D:2      | Reached skill level 1 in Polearms
   545 | D:2      | Reached skill level 1 in Staves
   545 | D:2      | Reached skill level 1 in Slings
   545 | D:2      | Reached skill level 1 in Bows
   545 | D:2      | Reached skill level 1 in Crossbows
   545 | D:2      | Reached skill level 1 in Throwing
   545 | D:2      | Reached skill level 1 in Stealth
   545 | D:2      | Reached skill level 1 in Shields
   545 | D:2      | Reached skill level 1 in Unarmed Combat
   545 | D:2      | Reached skill level 1 in Evocations
   690 | D:2      | Reached XP level 4. HP: 38/38 MP: 6/11
   813 | D:2      | Noticed Natasha
  1021 | D:1      | Killed Natasha
  1021 | D:1      | Reached skill level 1 in Conjurations
  1021 | D:1      | Reached skill level 1 in Hexes
  1021 | D:1      | Reached skill level 1 in Summonings
  1021 | D:1      | Reached skill level 1 in Necromancy
  1021 | D:1      | Reached skill level 1 in Translocations
  1021 | D:1      | Reached skill level 1 in Transmutations
  1021 | D:1      | Reached skill level 1 in Fire Magic
  1021 | D:1      | Reached skill level 1 in Ice Magic
  1021 | D:1      | Reached skill level 1 in Air Magic
  1021 | D:1      | Reached skill level 1 in Earth Magic
  1021 | D:1      | Reached skill level 1 in Poison Magic
  1315 | D:2      | Found a burning altar of Makhleb.
  1317 | D:2      | Found a radiant altar of Vehumet.
  1485 | D:3      | Reached XP level 5. HP: 34/43 MP: 9/12
  1952 | D:3      | Found a runed door.
  2425 | D:3      | Noticed Crazy Yiuf
  2510 | D:3      | Killed Crazy Yiuf
  2577 | D:4      | Noticed a phantom
  2602 | D:4      | Killed a phantom
  2602 | D:4      | Reached XP level 6. HP: 44/50 MP: 11/14
  2620 | D:4      | Reached skill level 5 in Fighting
  2620 | D:4      | Reached skill level 5 in Long Blades
  2620 | D:4      | Reached skill level 5 in Dodging
  2860 | D:4      | Found a bloodstained altar of Trog.
  2936 | D:4      | Noticed Rathner's ghost (amateur GnSk)
  2971 | D:4      | Killed Rathner's ghost
  2971 | D:4      | Reached XP level 7. HP: 26/56 MP: 7/15
  3904 | D:5      | Entered Level 5 of the Dungeon
  4426 | D:5      | Reached XP level 8. HP: 63/63 MP: 12/16
  4755 | D:5      | Reached skill level 6 in Charms
  5277 | D:6      | Found a staircase to the Ecumenical Temple.
  5317 | D:6      | Mangled by an orc warrior

Skill      XL: |  1  2  3  4  5  6  7  8 |
---------------+-------------------------+-----
Spellcasting   | 5 |  5.9
Invocations    | 1 2 3 |  3.4
Short Blades   | 1 2 3 |  3.1
Axes           | 1 2 3 |  3.1
Maces & Flails | 1 2 3 |  3.1
Polearms       | 1 2 3 |  3.1
Staves         | 1 2 3 |  3.1
Slings         | 1 2 3 |  3.1
Bows           | 1 2 3 |  3.1
Crossbows      | 1 2 3 |  3.1
Throwing       | 1 2 3 |  3.1
Stealth        | 1 2 3 |  3.1
Shields        | 1 2 3 |  3.1
Unarmed Combat | 1 2 3 |  3.1
Evocations     | 1 2 3 |  3.1
Conjurations   | 1 2 |  2.5
Hexes          | 1 2 |  2.5
Summonings     | 1 2 |  2.5
Necromancy     | 1 2 |  2.5
Translocations | 1 2 |  2.5
Transmutations | 1 2 |  2.5
Fire Magic     | 1 2 |  2.5
Ice Magic      | 1 2 |  2.5
Air Magic      | 1 2 |  2.5
Earth Magic    | 1 2 |  2.5
Poison Magic   | 1 2 |  2.5
Armour         | 3 4 |  4.1
Fighting       | 5 |  5.6
Long Blades    | 5 |  5.6
Dodging        | 5 |  5.6
Charms         | 6 |  6.0

Action                   |  1- 3 |  4- 6 |  7- 9 || total
-------------------------+-------+-------+-------++-------
Melee: Falchion          |    98 |    23 |       ||   121
       Bite              |    15 |    23 |    14 ||    52
       Dagger            |       |    22 |       ||    22
       Punch             |       |     2 |     1 ||     3
       War axe           |       |   129 |   110 ||   239
 Cast: Infusion          |     4 |       |     1 ||     5
       Shroud of Golubri |     5 |    21 |    16 ||    42
       Regeneration      |     1 |     5 |     5 ||    11
       Spectral Weapon   |       |       |     2 ||     2
  Use: Scroll            |     4 |     2 |     6 ||    12
       Potion            |       |     1 |     1 ||     2
 Stab: Sleeping          |     1 |     6 |     4 ||    11
       Distracted        |       |       |     1 ||     1
  Eat: Chunk             |       |     4 |     5 ||     9
       Ration            |       |     1 |     1 ||     2
Armor: Leather armour    |    39 |    49 |    27 ||   115
       Skin              |       |       |     5 ||     5
Dodge: Dodged            |    97 |   127 |    77 ||   301
       Rpst.: Falchion   |    31 |     4 |       ||    35
